General information
- name: BNet
- type: Ladder team game (AT/RT)
- host: Battle.net
- saver: Arashigorp
map: Monsoon
- players: 6
- length: 24:24
- speed: Fast
- version: 1.27 W3XP
- replay type:

» download(202 KB)
Players
team 1 (winner)
Arashigorp (
pink | 109 APM | 2667 actions | 24:24)
3 Archmage
2 Blizzard
1 Brilliance Aura
3 Blood Mage
2 Flame Strike
1 Siphon Mana
2 Pit Lord
1 Rain of Fire
1 Cleaving Attack
» actions
| Assign group hotkey | 15 | |
| Basic commands | 7 | |
| Build / train | 114 | |
| ESC pressed | 3 | |
| Enter build submenu | 52 | |
| Enter hero's abilities submenu | 8 | |
| Give item / drop item | 1 | |
| Remove unit from queue | 1 | |
| Right click | 1538 | |
| Select / deselect | 593 | |
| Select group hotkey | 191 | |
| Use ability | 144 | |
2667 total
» units
| Peasant | 14 | |
| Priest | 2 | |
| Dragonhawk Rider | 3 | |
19 total
» upgrades
| Masonry | 5 | |
| Magic Sentry | 1 | |
| Priest Training | 3 | |
| Lumber Harvesting | 1 | |
| Sorceress Training | 1 | |
| Swords | 1 | |
| Armor | 1 | |
| Animal War Training | 1 | |
14 total
» buildings
| Altar of Kings | 1 | |
| Farm | 6 | |
| Lumber Mill | 1 | |
| Scout Tower | 33 | |
| Guard Tower | 32 | |
| Arcane Tower | 7 | |
| Keep | 6 | |
| Arcane Vault | 1 | |
| Castle | 2 | |
| Arcane Sanctum | 1 | |
| Town Hall | 1 | |
| Gryphon Aviary | 2 | |
| Barracks | 1 | |
| Blacksmith | 1 | |
95 total
» build order
00:05 Altar of Kings
00:08 Farm
00:15 Lumber Mill
01:01 Farm
01:12 Scout Tower
01:20 Scout Tower
01:29 Scout Tower
01:41 Scout Tower
02:10 Farm
02:12 Guard Tower
02:13 Guard Tower
02:16 Guard Tower
02:17 Guard Tower
02:20 Guard Tower
02:21 Guard Tower
02:21 Guard Tower
02:22 Guard Tower
02:32 Scout Tower
03:00 Scout Tower
03:01 Scout Tower
03:01 Guard Tower
03:29 Guard Tower
03:31 Scout Tower
03:36 Guard Tower
03:37 Scout Tower
03:57 Arcane Tower
04:25 Scout Tower
04:25 Scout Tower
04:27 Guard Tower
04:37 Keep
04:38 Keep
04:38 Keep
04:38 Keep
04:38 Keep
04:56 Guard Tower
04:59 Scout Tower
05:02 Scout Tower
05:36 Scout Tower
05:36 Scout Tower
05:40 Arcane Vault
05:51 Scout Tower
05:51 Guard Tower
05:52 Guard Tower
05:52 Guard Tower
05:52 Guard Tower
06:08 Guard Tower
06:08 Guard Tower
06:16 Farm
06:39 Scout Tower
06:41 Scout Tower
06:41 Guard Tower
06:42 Guard Tower
07:02 Castle
07:02 Castle
07:30 Arcane Sanctum
08:10 Town Hall
09:40 Scout Tower
09:41 Scout Tower
09:42 Guard Tower
10:22 Gryphon Aviary
10:25 Barracks
10:28 Gryphon Aviary
10:36 Blacksmith
10:42 Arcane Tower
10:42 Arcane Tower
10:53 Scout Tower
10:53 Scout Tower
10:54 Scout Tower
10:55 Scout Tower
10:59 Scout Tower
11:00 Scout Tower
11:00 Scout Tower
11:01 Scout Tower
11:23 Arcane Tower
11:23 Arcane Tower
12:24 Guard Tower
12:29 Guard Tower
12:29 Guard Tower
12:29 Arcane Tower
13:50 Guard Tower
15:52 Scout Tower
15:52 Scout Tower
15:53 Scout Tower
15:53 Scout Tower
15:54 Scout Tower
16:28 Guard Tower
21:20 Arcane Tower
23:44 Farm
» items
| Boots of Speed | 3 | |
| Staff of Teleportation | 4 | |
| Staff of Sanctuary | 3 | |
| Orb of Fire | 1 | |
| Periapt of Vitality | 2 | |
| Circlet of Nobility | 2 | |
15 total
iggy_the_fisk (
teal | 123 APM | 2995 actions | 24:22)
4 Mountain King
2 Storm Bolt
2 Bash
2 Paladin
1 Holy Light
1 Divine Shield
» actions
| Assign group hotkey | 411 | |
| Basic commands | 30 | |
| Build / train | 101 | |
| Enter build submenu | 78 | |
| Enter hero's abilities submenu | 6 | |
| Give item / drop item | 4 | |
| Remove unit from queue | 3 | |
| Right click | 1318 | |
| Select / deselect | 311 | |
| Select group hotkey | 437 | |
| Use ability | 296 | |
2995 total
» units
» upgrades
| Masonry | 3 | |
| Lumber Harvesting | 2 | |
| Priest Training | 2 | |
| Magic Sentry | 1 | |
8 total
» buildings
| Altar of Kings | 1 | |
| Farm | 4 | |
| Scout Tower | 71 | |
| Lumber Mill | 1 | |
| Arcane Tower | 6 | |
| Guard Tower | 43 | |
| Keep | 1 | |
| Castle | 1 | |
| Arcane Sanctum | 1 | |
| Arcane Vault | 2 | |
| Town Hall | 1 | |
132 total
» build order
00:04 Altar of Kings
00:19 Farm
00:45 Scout Tower
00:51 Scout Tower
01:01 Lumber Mill
01:09 Farm
01:14 Scout Tower
01:15 Arcane Tower
01:36 Scout Tower
01:40 Scout Tower
01:42 Arcane Tower
02:03 Scout Tower
02:04 Guard Tower
02:16 Guard Tower
02:18 Scout Tower
02:34 Guard Tower
02:35 Scout Tower
02:41 Scout Tower
03:03 Guard Tower
03:04 Scout Tower
03:30 Guard Tower
03:38 Guard Tower
03:44 Scout Tower
03:46 Scout Tower
03:53 Keep
03:57 Guard Tower
03:59 Scout Tower
04:00 Scout Tower
04:32 Guard Tower
04:35 Scout Tower
04:38 Guard Tower
04:57 Guard Tower
05:05 Guard Tower
05:45 Guard Tower
05:48 Scout Tower
05:59 Scout Tower
06:01 Scout Tower
06:15 Castle
06:18 Arcane Sanctum
06:22 Scout Tower
06:24 Scout Tower
06:25 Scout Tower
06:27 Guard Tower
06:54 Arcane Tower
07:02 Guard Tower
07:04 Scout Tower
07:06 Scout Tower
07:07 Scout Tower
07:08 Scout Tower
07:25 Farm
07:26 Farm
07:47 Guard Tower
07:49 Scout Tower
07:50 Scout Tower
08:41 Arcane Vault
08:51 Scout Tower
08:55 Scout Tower
09:02 Arcane Tower
09:03 Guard Tower
09:27 Guard Tower
09:30 Arcane Vault
09:33 Scout Tower
10:02 Guard Tower
10:04 Scout Tower
10:06 Arcane Tower
10:35 Town Hall
10:51 Guard Tower
10:55 Scout Tower
10:57 Scout Tower
10:57 Scout Tower
10:58 Scout Tower
10:59 Scout Tower
10:59 Scout Tower
11:00 Scout Tower
11:52 Guard Tower
11:58 Scout Tower
11:59 Scout Tower
11:59 Scout Tower
12:10 Guard Tower
12:20 Guard Tower
12:38 Arcane Tower
12:52 Guard Tower
13:05 Scout Tower
13:06 Scout Tower
13:14 Guard Tower
13:18 Guard Tower
13:22 Scout Tower
13:23 Scout Tower
13:40 Guard Tower
14:02 Guard Tower
14:07 Scout Tower
14:08 Scout Tower
14:31 Guard Tower
14:33 Scout Tower
14:34 Scout Tower
14:44 Guard Tower
14:46 Scout Tower
14:47 Scout Tower
14:49 Scout Tower
14:51 Scout Tower
14:55 Scout Tower
15:07 Guard Tower
15:20 Guard Tower
15:42 Scout Tower
15:44 Scout Tower
16:12 Guard Tower
16:31 Scout Tower
16:33 Scout Tower
17:02 Guard Tower
17:04 Guard Tower
17:57 Scout Tower
18:04 Guard Tower
18:07 Scout Tower
18:11 Scout Tower
18:13 Scout Tower
18:17 Scout Tower
18:20 Scout Tower
18:27 Guard Tower
18:37 Guard Tower
18:39 Scout Tower
19:19 Scout Tower
19:23 Scout Tower
19:25 Guard Tower
19:44 Guard Tower
19:46 Scout Tower
19:47 Scout Tower
21:16 Guard Tower
21:20 Guard Tower
21:22 Scout Tower
21:23 Scout Tower
22:03 Guard Tower
22:39 Guard Tower
» items
| Boots of Speed | 2 | |
| Staff of Teleportation | 2 | |
| Staff of Sanctuary | 2 | |
| Orb of Venom | 2 | |
| Lesser Clarity Potion | 1 | |
9 total
wigsNgorps (
red | 106 APM | 2592 actions | 24:22)
5 Warden
2 Shadow Strike
3 Blink
» actions
| Assign group hotkey | 9 | |
| Basic commands | 9 | |
| Build / train | 49 | |
| Enter build submenu | 27 | |
| Enter hero's abilities submenu | 5 | |
| Give item / drop item | 4 | |
| Right click | 1680 | |
| Select / deselect | 141 | |
| Select group hotkey | 388 | |
| Use ability | 280 | |
2592 total
» units
» upgrades
| Ultravision | 1 | |
| Well Spring | 1 | |
| Strength of the Wild | 1 | |
3 total
» buildings
| Altar of Elders | 1 | |
| Moon Well | 20 | |
| Tree of Ages | 1 | |
| Tree of Life | 1 | |
| Hunter's Hall | 1 | |
| Tree of Eternity | 1 | |
| Ancient of Wind | 2 | |
| Ancient of Wonders | 2 | |
29 total
» build order
00:11 Altar of Elders
00:14 Moon Well
01:07 Moon Well
04:49 Tree of Ages
05:55 Moon Well
06:09 Tree of Life
06:22 Hunter's Hall
07:16 Moon Well
07:17 Moon Well
07:29 Tree of Eternity
08:05 Moon Well
08:07 Moon Well
08:10 Moon Well
09:31 Ancient of Wind
09:36 Ancient of Wind
10:03 Ancient of Wonders
10:16 Moon Well
10:18 Moon Well
12:46 Moon Well
12:46 Moon Well
14:21 Moon Well
14:21 Moon Well
15:20 Moon Well
15:44 Moon Well
15:46 Moon Well
17:41 Ancient of Wonders
19:21 Moon Well
19:22 Moon Well
19:22 Moon Well
» items
| Staff of Teleportation | 1 | |
| Boots of Speed | 1 | |
| Circlet of Nobility | 1 | |
| Potion of Healing | 1 | |
| Orb of Venom | 1 | |
5 total
team 2 (loser)
5577755 (
orange | 107 APM | 2578 actions | 24:04)
4 Archmage
2 Summon Water Elemental
2 Brilliance Aura
1 Mountain King
1 Storm Bolt
1 Paladin
1 Holy Light
» actions
| Assign group hotkey | 34 | |
| Basic commands | 5 | |
| Build / train | 80 | |
| Enter build submenu | 24 | |
| Enter hero's abilities submenu | 6 | |
| Give item / drop item | 2 | |
| Right click | 1016 | |
| Select / deselect | 548 | |
| Select group hotkey | 777 | |
| Use ability | 86 | |
2578 total
» units
| Peasant | 22 | |
| Mortar Team | 8 | |
| Gryphon Rider | 1 | |
| Dragonhawk Rider | 1 | |
| Siege Engine | 3 | |
35 total
» upgrades
| Gunpowder | 3 | |
| Armor | 3 | |
| Lumber Harvesting | 2 | |
| Masonry | 3 | |
| Flare | 1 | |
| Swords | 3 | |
| Fragmentation Shards | 1 | |
| Storm Hammers | 1 | |
| Cloud | 1 | |
| Plating | 2 | |
| Barrage | 1 | |
21 total
» buildings
| Altar of Kings | 1 | |
| Farm | 14 | |
| Scout Tower | 6 | |
| Lumber Mill | 1 | |
| Arcane Tower | 2 | |
| Arcane Vault | 1 | |
| Town Hall | 1 | |
| Keep | 1 | |
| Guard Tower | 2 | |
| Blacksmith | 1 | |
| Workshop | 2 | |
| Castle | 1 | |
| Gryphon Aviary | 2 | |
35 total
» build order
00:07 Altar of Kings
00:26 Farm
01:02 Scout Tower
01:12 Lumber Mill
01:35 Farm
01:41 Farm
01:43 Arcane Tower
02:04 Arcane Vault
03:44 Farm
03:48 Scout Tower
03:56 Town Hall
04:58 Keep
04:59 Guard Tower
05:20 Blacksmith
05:35 Farm
05:37 Farm
07:07 Scout Tower
07:07 Scout Tower
07:07 Scout Tower
07:08 Scout Tower
07:21 Workshop
07:23 Workshop
07:55 Farm
07:58 Farm
08:25 Arcane Tower
08:27 Guard Tower
08:51 Farm
09:54 Castle
12:11 Farm
14:40 Gryphon Aviary
14:41 Gryphon Aviary
19:30 Farm
19:31 Farm
19:32 Farm
19:32 Farm
» items
| Lesser Clarity Potion | 1 | |
| Scroll of Regeneration | 1 | |
| Boots of Speed | 1 | |
| Scroll of Healing | 1 | |
| Potion of Healing | 1 | |
| Potion of Mana | 1 | |
| Staff of Sanctuary | 1 | |
| Orb of Fire | 1 | |
8 total
halil2 (
yellow | 44 APM | 1083 actions | 24:21)
3 Blademaster
1 Wind Walk
2 Critical Strike
1 Shadow Hunter
1 Healing Wave
» actions
| Build / train | 71 | |
| Enter build submenu | 18 | |
| Enter hero's abilities submenu | 5 | |
| Right click | 613 | |
| Select / deselect | 335 | |
| Use ability | 39 | |
1083 total
» units
| Peon | 17 | |
| Grunt | 8 | |
| Troll Batrider | 25 | |
| Mud Golem | 1 | |
| Ogre Magi | 1 | |
| Wind Rider | 3 | |
55 total
» upgrades
| Ranged Weapons | 2 | |
| Liquid Fire | 1 | |
| Envenomed Spears | 1 | |
4 total
» buildings
| Altar of Storms | 1 | |
| Orc Burrow | 6 | |
| Barracks | 1 | |
| Voodoo Lounge | 1 | |
| Stronghold | 1 | |
| War Mill | 1 | |
| Beastiary | 2 | |
| Great Hall | 1 | |
| Fortress | 1 | |
15 total
» build order
00:12 Altar of Storms
00:16 Orc Burrow
00:28 Barracks
01:24 Voodoo Lounge
01:47 Orc Burrow
03:29 Stronghold
04:44 War Mill
06:01 Beastiary
06:08 Orc Burrow
08:26 Great Hall
08:53 Orc Burrow
10:17 Orc Burrow
12:27 Fortress
15:02 Beastiary
16:43 Orc Burrow
» items
| Healing Salve | 1 | |
| Scroll of Speed | 2 | |
| Lesser Clarity Potion | 1 | |
4 total
lago-naki (
green | 131 APM | 3149 actions | 23:57)
4 Death Knight
2 Death Coil
2 Unholy Aura
3 Lich
2 Frost Nova
1 Frost Armor
» actions
| Assign group hotkey | 59 | |
| Basic commands | 215 | |
| Build / train | 54 | |
| Enter build submenu | 18 | |
| Enter hero's abilities submenu | 7 | |
| Give item / drop item | 2 | |
| Right click | 1048 | |
| Select / deselect | 614 | |
| Select group hotkey | 1041 | |
| Use ability | 91 | |
3149 total
» units
| Acolyte | 7 | |
| Ghoul | 3 | |
| Crypt Fiend | 5 | |
| Obsidian Statue | 4 | |
| Meatwagon | 2 | |
| Frost Wyrm | 1 | |
22 total
» upgrades
| Web | 1 | |
| Destroyer Form | 1 | |
| Creature Attack | 1 | |
| Disease Cloud | 1 | |
| Unholy Strength | 1 | |
5 total
» buildings
| Graveyard | 1 | |
| Crypt | 1 | |
| Altar of Darkness | 1 | |
| Ziggurat | 7 | |
| Tomb of Relics | 1 | |
| Halls of the Dead | 1 | |
| Nerubian Tower | 2 | |
| Slaughterhouse | 2 | |
| Necropolis | 1 | |
| Black Citadel | 1 | |
| Spirit Tower | 1 | |
| Sacrificial Pit | 1 | |
| Boneyard | 1 | |
21 total
» build order
00:13 Graveyard
00:18 Crypt
00:39 Altar of Darkness
00:51 Ziggurat
01:45 Tomb of Relics
01:55 Ziggurat
03:37 Halls of the Dead
04:04 Ziggurat
04:31 Nerubian Tower
05:15 Ziggurat
06:19 Slaughterhouse
07:10 Necropolis
08:09 Black Citadel
08:47 Ziggurat
08:48 Ziggurat
10:08 Slaughterhouse
10:13 Nerubian Tower
10:14 Spirit Tower
14:49 Ziggurat
16:32 Sacrificial Pit
17:34 Boneyard
» items
| Rod of Necromancy | 2 | |
| Dust of Appearance | 1 | |
| Potion of Lesser Invulnerability | 3 | |
| Scroll of Healing | 1 | |
| Scroll of Town Portal | 2 | |
| Potion of Healing | 1 | |
| Orb of Corruption | 1 | |
| Periapt of Vitality | 1 | |
12 total
Chat log
(00:30 / All) wigsNgorps: Good Luck Have Fun !! :L - )
(24:03 / All) wigsNgorps: cya